 Dungeon Crawl Stone Soup version 0.28-a0-580-ga2639ab843 (webtiles) character file.

Game seed: 1963124130623288931

79 freelancePsychic the Skirmisher (level 4, -4/35 HPs)
             Began as a Demonspawn Wanderer on Oct 3, 2021.
             Killed by divine providence
             ... invoked by an orc priest
              (11 damage)
             ... on level 3 of the Dungeon.
             The game lasted 00:04:50 (3061 turns).

freelancePsychic the Skirmisher (DsWn)              Turns: 3061, Time: 00:04:51

Health: -4/35      AC:  5    Str: 12    XL:     4   Next: 17%
Magic:  1/6        EV: 11    Int: 14    God:
Gold:   103        SH:  4    Dex: 13    Spells: 4/6 levels left

rFire   . . .      SeeInvis .   e - +0 trident
rCold   . . .      Faith    .   (no shield)
rNeg    . . .      Spirit   .   d - +0 robe
rPois   .          Reflect  .   (no helmet)
rElec   .          Harm     .   (no cloak)
rCorr   .          Rampage  .   (no gloves)
Will    .....                   (no boots)
Stlth   ++........              (no amulet)
HPRegen 0.11/turn               m - +4 ring of protection
MPRegen 0.10/turn               (no ring)

@: very slightly contaminated
A: large bone plates 1, spiny 1, deformed body
a: no special abilities


You were on level 3 of the Dungeon.
You visited 1 branch of the dungeon, and saw 3 of its levels.

You collected 103 gold pieces.

Inventory:

Hand Weapons
 a - a +2 dagger
 e - a +0 trident (weapon)
Armour
 d - a +0 robe (worn)
 g - a +0 kite shield
Jewellery
 m - a +4 ring of protection (left hand)
Scrolls
 b - a scroll of blinking
 h - a scroll of enchant armour {unknown}
 i - 2 scrolls of amnesia {unknown}
 j - a scroll of teleportation {@r4}
 l - a scroll of holy word {unknown}
 n - a scroll of noise {unknown}
Potions
 f - 3 potions of resistance


   Skills:
 - Level 3.3 Fighting
 - Level 1.0 Short Blades
 - Level 1.7 Maces & Flails
 - Level 0.1 Polearms
 - Level 1.0 Armour
 - Level 1.7 Stealth
 - Level 1.7 Unarmed Combat
 + Level 1.9 Spellcasting
 + Level 2.0 Conjurations


You had 4 spell levels left.
You knew the following spells:

 Your Spells              Type           Power      Damage    Failure   Level
b - Searing Ray           Conj           14%        2d5       16%         2

Your spell library contained the following spells:

 Spells                   Type           Power      Damage    Failure   Level
 Magic Dart               Conj           28%        1d4       11%         1
 Fulminant Prism          Conj/Hex       2%         3d6       83%         4


Dungeon Overview and Level Annotations

Branches:
Dungeon (3/15)

Altars:

Annotations:
D:2 Crazy Yiuf


Innate Abilities, Weirdness & Mutations

You are partially covered in large bone plates. (SH +4)
You are partially covered in sharp spines.
Armour fits poorly on your strangely shaped body.


Message History

(Press . to maintain the ray.)
An orc comes into view. It is wielding a +0 short sword.
The searing ray hits the orc.
You kill the orc!
Casting: Searing Ray (safe; 16% risk of failure)
Confirm with . or Enter, or press ? or * to list all spells.
You don't know that spell.
Unknown command.
You hit the orc but do no damage. The orc hits you with a +0 flail.
You closely miss the orc. The orc hits you with a +0 flail.
The orc priest invokes the aid of Beogh against you.
Beogh smites you! The orc closely misses you.
Adjust (i)tems, (s)pells, or (a)bilities?
Adjust which spell? a - Searing Ray Adjust to which letter? b - Searing Ray
Casting: Searing Ray (safe; 16% risk of failure)
Confirm with . or Enter, or press ? or * to list all spells.
Aiming: Searing Ray (safe; 16% risk of failure)
Press: ? - help, Shift-Dir - straight line, f - orc
Aim: an orc, wielding a +0 flail and wearing a +0 ring mail (77% to hit)
You miscast Searing Ray.
You are very lightly contaminated with residual magic.
Nothing appears to happen.
The orc priest looks encouraged for a moment.
It was a potion of mutation.
You feel extremely strange.
Your body twists and deforms.
You barely miss the orc. You block the orc's attack.
You barely miss the orc. The orc is struck by your spines.
The orc hits you with a +0 short sword.
The orc priest mumbles some strange prayers to Beogh against you.
Beogh smites you!
* * * LOW HITPOINT WARNING * * *
The orc is struck by your spines. The orc completely misses you.
You hit the orc.
You kill the orc!
The orc priest calls down the wrath of Beogh upon you.
Beogh smites you!
You die...

########. #.........
##.....##.. ............
##.....##.... ##............
.....#####.....####
##.#>.........oo@.#
#.#...(.....)o##.##
#.#######.....#...##########
#.# ###.#..............##
#.# #.###>..#######...## #.#
#.# ##.............# ≈ #.#
#.# #######.##....#.≈
#.####### #<# #.###.#.#≈≈
#.......# #.# #.##......≈


You could see an orc priest and 2 orcs.

Vanquished Creatures
  2 adders
  3 dart slugs
  7 orcs (D:3)
  5 endoplasms
  2 goblins (D:1)
  3 hobgoblins
  6 jackals
  4 quokkas
  4 ball pythons
  4 bats
  2 frilled lizards
  3 kobolds (D:1)
  3 rats
48 creatures vanquished.

Notes
Turn   | Place    | Note
-------+----------+-------------------------------------------
     0 | D:1      | freelancePsychic the Demonspawn Wanderer began the quest
                  | for the Orb.
     0 | D:1      | freelancePsychic set off with the following items: a +2
                  | dagger, a scroll of blinking, 2 potions of curing {@q1}, a
                  | +0 robe
     0 | D:1      | Reached XP level 1. HP: 18/18 MP: 1/1
   135 | D:1      | Reached skill level 1 in Short Blades
   135 | D:1      | Gained mutation: You are partially covered in large bone
                  | plates. (SH +4) [demonic ancestry]
   135 | D:1      | Reached XP level 2. HP: 14/24 MP: 2/2
  1011 | D:1      | Reached skill level 1 in Conjurations
  1124 | D:1      | Learned a level 2 spell: Searing Ray
  1183 | D:2      | Reached skill level 1 in Spellcasting
  1183 | D:2      | Reached XP level 3. HP: 29/29 MP: 4/4
  1238 | D:2      | Found a runed translucent door.
  1239 | D:2      | Noticed Crazy Yiuf
  2676 | D:3      | Gained mutation: You are partially covered in sharp spines.
                  | [demonic ancestry]
  2676 | D:3      | Reached XP level 4. HP: 8/35 MP: 2/6
  3058 | D:3      | Gained mutation: Armour fits poorly on your strangely
                  | shaped body. [potion of mutation]
  3061 | D:3      | Killed from afar by an orc priest

Illustrated notes

Levels and vault maps discovered:
D:1:      evilmike_arrival_rings, layout_rooms, kennysheep_crisscross
D:2:      layout_basic, uniq_crazy_yiuf_cottage
D:3:      layout_loops_ring, kennysheep_boxes

Skill      XL: |  1  2  3  4 |
---------------+-------------+-----
Short Blades   | 1 |  1.0
Conjurations   | 1 2 |  2.0
Spellcasting   | 1 |  1.9
Fighting       | |  3.3
Maces & Flails | |  1.7
Polearms       | |  0.1
Armour         | |  1.0
Stealth        | |  1.7
Unarmed Combat | |  1.7

Action                   |  1- 3 |  4- 6 || total
-------------------------+-------+-------++-------
Melee: Dagger            |    23 |       ||    23
       Trident           |   113 |     5 ||   118
       Punch             |     1 |       ||     1
       Unarmed           |     1 |       ||     1
 Cast: Searing Ray       |     7 |     2 ||     9
  Use: Scroll            |     3 |       ||     3
       Potion            |     2 |     1 ||     3
 Stab: Sleeping          |     5 |       ||     5
Armor: Robe              |    31 |     1 ||    32
Dodge: Dodged            |    86 |     2 ||    88
Block: Other             |    23 |     1 ||    24

Table legend: (Time is in decaauts)
 A = Elapsed time spent in this place.
 B = Non-inter-level travel time spent in this place.
 C = Inter-level travel time spent in this place.
 D = Time resting spent in this place.
 E = Time spent auto-exploring this place.
 F = Levels seen in this place.
 G = Mean time per level.
                   A        B        C        D        E       F      G
               +--------+--------+--------+--------+--------+-----+--------+
         Total |   3088 |   3017 |     71 |    149 |   2449 |   3 | 1029.3 |
       Dungeon |   3088 |   3017 |     71 |    149 |   2449 |   3 | 1029.3 |
               +--------+--------+--------+--------+--------+-----+--------+

Top non-repeatable levels by time:
     D:1: 1313 daAuts
     D:2: 1173 daAuts
     D:3: 601 daAuts
